 Dungeon Crawl Stone Soup version 0.29-a0-911-g88e6f02907 (webtiles) character file.

Game seed: 2560058298194256202

2 lesaewzxc the Grave Robber (level 1, 13/13 HPs)
             Began as a Vampire Necromancer on July 25, 2022.
             Safely got out of the dungeon.
             The game lasted 00:00:40 (49 turns).

lesaewzxc the Grave Robber (Vampire Necromancer)      Turns: 49, Time: 00:00:40

Health: 13/13      AC:  2    Str:  7    XL:     1   Next: 33%
Magic:  3/3        EV: 12    Int: 17    God:
Gold:   0          SH:  0    Dex: 14    Spells: 3/4 levels left

rFire   . . .      SeeInvis +   (no weapon)
rCold   . . .      Faith    .   (no shield)
rNeg    . . .      Spirit   .   a - +0 robe
rPois   .          Reflect  .   (no helmet)
rElec   .          Harm     .   (no cloak)
rCorr   .          Rampage  .   (no gloves)
Will    .....                   (no boots)
Stlth   ++........              (no amulet)
HPRegen 0.24/turn               (no ring)
MPRegen 0.08/turn               (no ring)

@: healing quickly
A: alive, fangs 3, see invisible, vampiric 1
a: Exsanguinate


You escaped.
You visited 1 branch of the dungeon, and saw 1 of its levels.

Inventory:

Armour
 a - a +0 robe (worn)
Potions
 b - a potion of magic


   Skills:
 + Level 2.2 Dodging
 + Level 3.1 Stealth
 + Level 2.0 Spellcasting
 + Level 4.4 Necromancy


You had 3 spell levels left.
You knew the following spells:

 Your Spells              Type           Power      Damage    Failure   Level
a - Necrotise             Necr           64%        1d7       3%          1

Your spell library contained the following spells:

 Spells                   Type           Power      Damage    Failure   Level
 Vampiric Draining        Necr           16%        2d7       10%         3
 Animate Dead             Necr           16%        N/A       30%         4
 Agony                    Necr           16%        N/A       65%         5


Dungeon Overview and Level Annotations

Branches:
Dungeon (1/15)

Altars:


Innate Abilities, Weirdness & Mutations

Your natural rate of healing is accelerated.
You have razor-sharp teeth.
You have supernaturally acute eyesight. (SInv)
You are afflicted with vampirism.


Message History

Aiming: Necrotise (safe; 3% risk of failure)
Press: ? - help, Q - select action Shift-Dir - straight line, f - goblin
Aim: a goblin, wielding a +0 club (asleep, chance to affect: 86%)
The goblin writhes in agony.
You kill the goblin!
The dead are walking!
Aiming: Necrotise (safe; 3% risk of failure)
Press: ? - help, Q - select action Shift-Dir - straight line, f - endoplasm
Aim: an endoplasm (asleep, ally target, chance to affect: 86%) Really fire in your goblin skeleton's direction? [Y]es or [N]o only, please.
Really fire in your goblin skeleton's direction? [Y]es or [N]o only, please.
Really fire in your goblin skeleton's direction?
Okay, then.
The endoplasm quivers.
Your goblin skeleton barely misses the endoplasm.
The endoplasm hits your goblin skeleton.
Your goblin skeleton hits the endoplasm.
The endoplasm hits your goblin skeleton.
Your goblin skeleton hits the endoplasm but does no damage.
The endoplasm closely misses your goblin skeleton.
You swap places.
The endoplasm closely misses you.
You hit the endoplasm but do no damage.
The endoplasm is moderately wounded.
The endoplasm barely misses you.
You completely miss the endoplasm. You bite the endoplasm.
You kill the endoplasm!
Unknown command.
Unknown command.
Unknown command.
Magic restored.
You see here a +0 club.
You swap places.
Your goblin skeleton crumbles into dust!
There is an open door here.
There is a staircase leading out of the dungeon here.
You can't go down here!
Are you sure you want to leave the Dungeon?
This will make you lose the game!
You have escaped!

... ###'### ##.
#8...8# #
##.#.## #8.#.8#
##.#.##
##8...8##
8#8#8#...#8#8#8
................
####...@...#####
...............
8#8#8#...#8#8#8
####8...8####
##.#.## 8.#.8 #.
.# 8. .8


There were no monsters in sight!

Vanquished Creatures
  An endoplasm (D:1)
  A goblin (D:1)
2 creatures vanquished.

Notes
Turn   | Place    | Note
-------+----------+-------------------------------------------
     0 | D:1      | lesaewzxc the Vampire Necromancer began the quest for the
                  | Orb.
     0 | D:1      | Reached XP level 1. HP: 13/13 MP: 3/3
    49 | D:$      | Safely got out of the dungeon.

Illustrated notes

Levels and vault maps discovered:
D:1:      heliophobic_arrival_ceremonial_halls, layout_loops_ring, serial_shops,
          shop

Action                   || total
-------------------------++-------
Melee: Unarmed           ||     2
       Bite              ||     1
 Cast: Necrotise         ||     1
Dodge: Dodged            ||     2

Table legend: (Time is in decaauts)
 A = Elapsed time spent in this place.
 B = Non-inter-level travel time spent in this place.
 C = Inter-level travel time spent in this place.
 D = Time resting spent in this place.
 E = Time spent auto-exploring this place.
 F = Levels seen in this place.
 G = Mean time per level.
                   A        B        C        D        E       F      G
               +--------+--------+--------+--------+--------+-----+--------+
         Total |     49 |     14 |     35 |      0 |      0 |   1 |   49.0 |
       Dungeon |     49 |     14 |     35 |      0 |      0 |   1 |   49.0 |
               +--------+--------+--------+--------+--------+-----+--------+

Top non-repeatable levels by time:
     D:1: 49 daAuts
